TOP OF THE 1ST |
Redlands East Valley Wildcats batting - Pitching for University of Georgia Bulldogs : RHP Pacu Panic
|
Pitching: RHP Pacu Panic
|
|
Batting: SHB Jonathan Jacob
|
0-0: Called Strike 0-1: Swinging Strike 0-2: Ball 1-2: Ball 2-2: Ground out 4-3 (Groundball, 34D, EV 84.4 MPH)
|
Batting: SHB Jason Pugh
|
0-0: Called Strike 0-1: Called Strike 0-2: Ball 1-2: Strikes out swinging
|
Batting: RHB Joe McKinzie
|
0-0: Ball 1-0: Ball 2-0: SINGLE (Line Drive, 6M, EV 106.2 MPH)
|
Batting: SHB John Loechel
|
0-0: Called Strike 0-1: Ball 1-1: Swinging Strike 1-2: Strikes out swinging
|
Top of the 1st over - 0 runs, 1 hit, 0 errors, 1 left on base; Redlands East Valley 0 - University of Georgia 0 |
BOTTOM OF THE 1ST |
University of Georgia Bulldogs batting - Pitching for Redlands East Valley Wildcats : RHP Dave Trevino
|
Pitching: RHP Dave Trevino
|
|
Batting: LHB Alrigo Fiori
|
0-0: Foul Ball, location: 2F 0-1: Ball 1-1: SINGLE (Flyball, 5D, EV 91.9 MPH)
|
Batting: LHB Ted Toohey
|
0-0: Ball 1-0: Ball 2-0: Foul Ball, location: 2F 2-1: Fielders Choice at 2nd, 4-6 (Groundball, 4, EV 101.9 MPH)
|
Batting: LHB Lu-fang Dou
|
0-0: Fly out, F8 (Flyball, 78D, EV 98.1 MPH)
|
Batting: LHB Milton Yeo
|
0-0: Fielders Choice at 2nd, 5-4 (Groundball, 56, EV 105.6 MPH)
|
Bottom of the 1st over - 0 runs, 1 hit, 0 errors, 1 left on base; Redlands East Valley 0 - University of Georgia 0 |
TOP OF THE 2ND |
Redlands East Valley Wildcats batting - Pitching for University of Georgia Bulldogs : RHP Pacu Panic
|
Batting: LHB Kris Zimbalist
|
0-0: Swinging Strike 0-1: Ball 1-1: Ball 2-1: Ball 3-1: Ground out 4-3 (Groundball, 4, EV 85.0 MPH)
|
Batting: RHB Takayashi Hori
|
0-0: Ground out 1-3 (Groundball, 13S, EV 74.4 MPH)
|
Batting: RHB Jeremy Evans
|
0-0: SOLO HOME RUN (Flyball, 7D, EV 99.4 MPH), Distance : 402 ft
|
Batting: RHB Po-fu Nan
|
0-0: Ball 1-0: Ground out 6-3 (Groundball, 6D, EV 108.1 MPH)
|
Top of the 2nd over - 1 run, 1 hit, 0 errors, 0 left on base; Redlands East Valley 1 - University of Georgia 0 |
BOTTOM OF THE 2ND |
University of Georgia Bulldogs batting - Pitching for Redlands East Valley Wildcats : RHP Dave Trevino
|
Batting: LHB Luis Mejia
|
0-0: Ball 1-0: Ball 2-0: Swinging Strike 2-1: Foul Ball, location: 2F 2-2: Strikes out swinging, 2-3 out at first.
|
Batting: RHB Justin Szymczyk
|
0-0: Ball 1-0: Foul Ball, location: 2F 1-1: Ball 2-1: Called Strike 2-2: Ball 3-2: Foul Ball, location: 2F 3-2: Base on Balls
|
Batting: RHB James Warby
|
0-0: Ball 1-0: Called Strike 1-1: Ball Justin Szymczyk steals 2nd, throwing error, E2 Justin Szymczyk to third 2-1: DOUBLE (Line Drive, 9LM, EV 106.9 MPH) Justin Szymczyk scores
|
Batting: LHB Kyle Sanders
|
0-0: Foul Ball, location: 2F 0-1: Ball 1-1: Ball 2-1: Ball 3-1: Foul Ball, location: 2F 3-2: DOUBLE (Line Drive, 78M, EV 90.0 MPH) James Warby scores
|
Batting: RHB Bill Emery
|
0-0: 2-RUN HOME RUN (Flyball, 9D, EV 96.9 MPH), Distance : 365 ft
|
Batting: LHB Alrigo Fiori
|
0-0: Swinging Strike 0-1: Ground out 4-3 (Groundball, 4, EV 92.5 MPH)
|
Batting: LHB Ted Toohey
|
0-0: Ball 1-0: Ball 2-0: Ground out 5-3 (Groundball, 56, EV 102.5 MPH)
|
Bottom of the 2nd over - 4 runs, 3 hits, 1 error, 0 left on base; Redlands East Valley 1 - University of Georgia 4 |
TOP OF THE 3RD |
Redlands East Valley Wildcats batting - Pitching for University of Georgia Bulldogs : RHP Pacu Panic
|
Batting: RHB Mark Marchi
|
0-0: Ground out 6-3 (Groundball, 6, EV 83.1 MPH)
|
Batting: SHB Jonathan Jacob
|
0-0: Called Strike 0-1: Ball 1-1: Ball 2-1: Ball 3-1: Base on Balls
|
Batting: SHB Jason Pugh
|
0-0: Hit by Pitch Jonathan Jacob to second
|
Batting: RHB Joe McKinzie
|
0-0: Called Strike 0-1: Ball 1-1: Fly out, F9 (Flyball, 9S, EV 95.6 MPH)
|
Batting: SHB John Loechel
|
0-0: Foul Ball, location: 2F 0-1: Ball 1-1: Ball 2-1: Foul Ball, location: 2F 2-2: Foul Ball, location: 2F 2-2: Foul Ball, location: 2F 2-2: Ground out 6-3 (Groundball, 6MD, EV 105.6 MPH)
|
Top of the 3rd over - 0 runs, 0 hits, 0 errors, 2 left on base; Redlands East Valley 1 - University of Georgia 4 |
BOTTOM OF THE 3RD |
University of Georgia Bulldogs batting - Pitching for Redlands East Valley Wildcats : RHP Dave Trevino
|
Batting: LHB Lu-fang Dou
|
0-0: Ball 1-0: Ball 2-0: Ball 3-0: Base on Balls
|
Batting: LHB Milton Yeo
|
0-0: Fielders Choice at 2nd, 6-4 (Groundball, 6, EV 100.6 MPH)
|
Batting: LHB Luis Mejia
|
0-0: Called Strike 0-1: Swinging Strike 0-2: Ball 1-2: Ball 2-2: Strikes out swinging
|
Batting: RHB Justin Szymczyk
|
0-0: Called Strike 0-1: Ball 1-1: Ball 2-1: Called Strike 2-2: Strikes out swinging
|
Bottom of the 3rd over - 0 runs, 0 hits, 0 errors, 1 left on base; Redlands East Valley 1 - University of Georgia 4 |
TOP OF THE 4TH |
Redlands East Valley Wildcats batting - Pitching for University of Georgia Bulldogs : RHP Pacu Panic
|
Batting: LHB Kris Zimbalist
|
0-0: Ball 1-0: Ground out 4-3 (Groundball, 4, EV 94.4 MPH)
|
Batting: RHB Takayashi Hori
|
0-0: Ball 1-0: Ball 2-0: Called Strike 2-1: Called Strike 2-2: Ball 3-2: SINGLE (Groundball, 34D, EV 102.5 MPH)
|
Batting: RHB Jeremy Evans
|
0-0: Ball 1-0: Called Strike Takayashi Hori is caught stealing 2nd base 2-4 1-1: SOLO HOME RUN (Flyball, 7LD, EV 93.8 MPH), Distance : 359 ft
|
Batting: RHB Po-fu Nan
|
0-0: Ball 1-0: Called Strike 1-1: Fly out, F3 (Line Drive, 3, EV 70.6 MPH)
|
Top of the 4th over - 1 run, 2 hits, 0 errors, 0 left on base; Redlands East Valley 2 - University of Georgia 4 |
BOTTOM OF THE 4TH |
University of Georgia Bulldogs batting - Pitching for Redlands East Valley Wildcats : RHP Dave Trevino
|
Batting: RHB James Warby
|
0-0: Called Strike 0-1: Foul Ball, location: 2F 0-2: Foul Ball, location: 2F 0-2: Ball 1-2: Ball 2-2: Ball 3-2: Foul Ball, location: 2F 3-2: Ground out 5-3 (Groundball, 56S, EV 85.0 MPH)
|
Batting: LHB Kyle Sanders
|
0-0: Ball 1-0: Called Strike 1-1: Ball 2-1: Ball 3-1: Foul Ball, location: 2F 3-2: Reached on error, E6 (Groundball, 6, EV 85.0 MPH)
|
Batting: RHB Bill Emery
|
0-0: Ball 1-0: Ball Kyle Sanders steals 3rd base 2-0: Called Strike 2-1: Swinging Strike 2-2: SINGLE (Line Drive, 3D, EV 96.9 MPH) Kyle Sanders scores
|
Pitching: RHP Tyler Van der Lugt
|
|
Batting: LHB Alrigo Fiori
|
0-0: Called Strike 0-1: Fly out, F8 (Flyball, 8RM, EV 81.9 MPH)
|
Pinch Hitting: LHB Sloan Rayner
|
0-0: Called Strike 0-1: Foul Ball, location: 2F 0-2: Ball 1-2: Strikes out swinging
|
Bottom of the 4th over - 1 run, 1 hit, 1 error, 1 left on base; Redlands East Valley 2 - University of Georgia 5 |
TOP OF THE 5TH |
Redlands East Valley Wildcats batting - Pitching for University of Georgia Bulldogs : RHP Pacu Panic
|
Now at C: Hairama Seiuli
|
|
Now at 1B: Sloan Rayner
|
|
Now at 2B: Albert Rodriguez
|
|
Now at 3B: Jeff Wornick
|
|
Now in LF: Edwin Zavala
|
|
Batting: RHB Mark Marchi
|
0-0: Foul Ball, location: 2F 0-1: Ball 1-1: Ball 2-1: Ball 3-1: Foul Ball, location: 2F 3-2: Foul Ball, location: 2F 3-2: Base on Balls
|
Pinch Hitting: LHB Lenz Garfinkel
|
0-0: Ball 1-0: Ball Mark Marchi is caught stealing 2nd base 2-6 2-0: Ground out U3 (Groundball, 3, EV 103.8 MPH)
|
Pinch Hitting: LHB Steve Lane
|
0-0: Fly out, F7 (Flyball, 78D, EV 103.1 MPH)
|
Top of the 5th over - 0 runs, 0 hits, 0 errors, 0 left on base; Redlands East Valley 2 - University of Georgia 5 |
BOTTOM OF THE 5TH |
University of Georgia Bulldogs batting - Pitching for Redlands East Valley Wildcats : RHP Tyler Van der Lugt
|
Now at 1B: Lenz Garfinkel
|
|
Now at 2B: Felipe Lara
|
|
Now at 3B: Nick Pothier
|
|
Now in RF: Steve Lane
|
|
Batting: SHB Hairama Seiuli
|
0-0: Ball 1-0: Called Strike 1-1: Foul Ball, location: 2F 1-2: Ball 2-2: Strikes out looking
|
Batting: LHB Andy Dyer
|
0-0: Ball 1-0: Called Strike 1-1: SOLO HOME RUN (Flyball, 89XD, EV 103.1 MPH), Distance : 417 ft
|
Batting: RHB Albert Rodriguez
|
0-0: Ball 1-0: Swinging Strike 1-1: Foul Ball, location: 2F 1-2: SINGLE (Groundball, 6MD, EV 107.5 MPH)
|
Batting: LHB Edwin Zavala
|
0-0: Ball Albert Rodriguez steals 2nd base 1-0: Fly out, F8 (Flyball, 8LD, EV 85.6 MPH) Runner from 2nd tags up, SAFE at 3rd with throw by CF
|
Batting: RHB James Warby
|
0-0: Ball 1-0: Called Strike 1-1: Called Strike 1-2: Foul Ball, location: 2F 1-2: Ball 2-2: Foul Ball, location: 2F 2-2: SINGLE (Line Drive, 4D, EV 95.0 MPH) Albert Rodriguez scores
|
Batting: LHB Kyle Sanders
|
0-0: Called Strike James Warby steals 2nd base 0-1: Ball 1-1: Ball 2-1: Swinging Strike 2-2: Strikes out swinging
|
Bottom of the 5th over - 2 runs, 3 hits, 0 errors, 1 left on base; Redlands East Valley 2 - University of Georgia 7 |
TOP OF THE 6TH |
Redlands East Valley Wildcats batting - Pitching for University of Georgia Bulldogs : RHP Pacu Panic
|
Pitching: RHP Guo Tien
|
|
Now at SS: Eric Wilson
|
|
Pinch Hitting: LHB Jim Snell
|
0-0: Foul Ball, location: 2F 0-1: Ball 1-1: Ball 2-1: Reached on error, E6 (Groundball, 6M, EV 85.0 MPH)
|
Batting: SHB John Loechel
|
0-0: Called Strike 0-1: Called Strike Jim Snell steals 2nd base 0-2: Ball 1-2: Foul Ball, location: 2F 1-2: Strikes out swinging
|
Pinch Hitting: RHB Alex Freyre
|
0-0: Ball 1-0: Ball 2-0: Foul Ball, location: 2F 2-1: Foul Ball, location: 2F 2-2: Strikes out looking
|
Batting: RHB Takayashi Hori
|
0-0: Fly out, F7 (Flyball, 7S, EV 81.2 MPH)
|
Top of the 6th over - 0 runs, 0 hits, 1 error, 1 left on base; Redlands East Valley 2 - University of Georgia 7 |
BOTTOM OF THE 6TH |
University of Georgia Bulldogs batting - Pitching for Redlands East Valley Wildcats : RHP Tyler Van der Lugt
|
Now in LF: Jim Snell
|
|
Now in CF: Alex Freyre
|
|
Batting: RHB Jeff Wornick
|
0-0: Ball 1-0: Called Strike 1-1: Foul Ball, location: 2F 1-2: Reached on error, E1 (Groundball, 15S, EV 66.2 MPH)
|
Pinch Hitting: LHB Cole Sanchez
|
0-0: Ball Jeff Wornick is caught stealing 2nd base 2-6 1-0: Swinging Strike 1-1: Foul Ball, location: 2F 1-2: Ball 2-2: Strikes out looking
|
Batting: LHB Sloan Rayner
|
0-0: Ball 1-0: Ball 2-0: Swinging Strike 2-1: Ball 3-1: Foul Ball, location: 2F 3-2: Foul Ball, location: 2F 3-2: Ground out U3 (Groundball, 34, EV 111.2 MPH)
|
Bottom of the 6th over - 0 runs, 0 hits, 1 error, 0 left on base; Redlands East Valley 2 - University of Georgia 7 |
TOP OF THE 7TH |
Redlands East Valley Wildcats batting - Pitching for University of Georgia Bulldogs : RHP Guo Tien
|
Pitching: LHP Bill McIntyre
|
|
Now in CF: Salvatore Jaime
|
|
Batting: RHB Nick Pothier
|
0-0: Called Strike 0-1: Ball 1-1: Ground out 1-3 (Groundball, 34S, EV 70.6 MPH)
|
Batting: RHB Felipe Lara
|
0-0: Called Strike 0-1: Swinging Strike 0-2: Ball 1-2: Foul Ball, location: 2F 1-2: Foul Ball, location: 2F 1-2: Foul Ball, location: 2F 1-2: Ground out 4-3 (Groundball, 4S, EV 88.8 MPH)
|
Batting: LHB John Blumberg
|
0-0: Ground out 5-3 (Groundball, 56, EV 108.1 MPH)
|
Top of the 7th over - 0 runs, 0 hits, 0 errors, 0 left on base; Redlands East Valley 2 - University of Georgia 7 |
BOTTOM OF THE 7TH |
University of Georgia Bulldogs batting - Pitching for Redlands East Valley Wildcats : RHP Tyler Van der Lugt
|
Pitching: RHP John Woods
|
|
Batting: SHB Hairama Seiuli
|
0-0: Ball 1-0: Called Strike 1-1: Foul Ball, location: 2F 1-2: Ball 2-2: Foul Ball, location: 2F 2-2: Ball 3-2: Strikes out swinging
|
Batting: LHB Andy Dyer
|
0-0: Called Strike 0-1: Called Strike 0-2: Ball 1-2: Foul Ball, location: 2F 1-2: Foul Ball, location: 2F 1-2: Strikes out swinging
|
Batting: RHB Albert Rodriguez
|
0-0: Ball 1-0: Called Strike 1-1: Ball 2-1: Swinging Strike 2-2: Foul Ball, location: 2F 2-2: Ball 3-2: Strikes out swinging
|
Bottom of the 7th over - 0 runs, 0 hits, 0 errors, 0 left on base; Redlands East Valley 2 - University of Georgia 7 |
TOP OF THE 8TH |
Redlands East Valley Wildcats batting - Pitching for University of Georgia Bulldogs : LHP Bill McIntyre
|
Pitching: RHP Bi`nh Heng
|
|
Pinch Hitting: RHB Justin Thomas
|
0-0: Fly out, F9 (Flyball, 9D, EV 94.4 MPH)
|
Batting: LHB Steve Lane
|
0-0: Ball 1-0: Ball 2-0: Ball 3-0: Base on Balls
|
Batting: LHB Jim Snell
|
0-0: Ground out 4-3 (Groundball, 4S, EV 72.5 MPH) Steve Lane to second
|
Batting: SHB John Loechel
|
0-0: Fly out, F8 (Flyball, 8LXD, EV 102.5 MPH)
|
Top of the 8th over - 0 runs, 0 hits, 0 errors, 1 left on base; Redlands East Valley 2 - University of Georgia 7 |
BOTTOM OF THE 8TH |
University of Georgia Bulldogs batting - Pitching for Redlands East Valley Wildcats : RHP John Woods
|
Now at 1B: Justin Thomas
|
|
Batting: LHB Edwin Zavala
|
0-0: Ball 1-0: Ball 2-0: Ball 3-0: Base on Balls
|
Batting: RHB Eric Wilson
|
0-0: Called Strike Edwin Zavala steals 2nd base 0-1: Ball 1-1: Ball 2-1: Swinging Strike 2-2: Ball 3-2: SINGLE (Groundball, 6, EV 100.0 MPH) Edwin Zavala to third
|
Pinch Hitting: LHB Bryan Ross
|
0-0: Called Strike 0-1: Fielders Choice at 2nd, 4-6 (Groundball, 4, EV 85.6 MPH) Edwin Zavala scores
|
Batting: RHB Jeff Wornick
|
0-0: Fielders Choice at 2nd, 6-4 (Groundball, 6, EV 105.0 MPH)
|
Batting: RHB Salvatore Jaime
|
0-0: Ball 1-0: Called Strike 1-1: Foul Ball, location: 2F 1-2: Ball 2-2: Strikes out swinging
|
Bottom of the 8th over - 1 run, 1 hit, 0 errors, 1 left on base; Redlands East Valley 2 - University of Georgia 8 |
TOP OF THE 9TH |
Redlands East Valley Wildcats batting - Pitching for University of Georgia Bulldogs : RHP Bi`nh Heng
|
Pitching: LHP Jon Lucas
|
|
Now in RF: Bryan Ross
|
|
Batting: RHB Alex Freyre
|
0-0: Ball 1-0: Ball 2-0: Ball 3-0: Base on Balls
|
Pinch Hitting: RHB Zach Warwick
|
0-0: Foul Ball, location: 2F 0-1: Foul Ball, location: 2F 0-2: Ball 1-2: Ball 2-2: Strikes out swinging
|
Pinch Hitting: LHB B.J. Ferguson
|
0-0: Ball 1-0: Fielders Choice at 2nd, 5-4 (Groundball, 5, EV 81.9 MPH)
|
Pinch Hitting: RHB Alex Rivas
|
0-0: Swinging Strike 0-1: Fielders Choice at 2nd, 6-4 (Groundball, 6, EV 105.0 MPH)
|
Top of the 9th over - 0 runs, 0 hits, 0 errors, 1 left on base; Redlands East Valley 2 - University of Georgia 8 |
|